TOP OF THE 1ST |
Beloit Snappers batting - Pitching for Lansing Lugnuts : RHP Fernando Torres
|
Pitching: RHP Fernando Torres
|
|
Batting: RHB Dan Boylan
|
0-0: Foul Ball, location: 2F 0-1: Called Strike 0-2: Ball 1-2: Ball 2-2: Strikes out swinging
|
Batting: LHB Juan Villafana
|
0-0: Ball 1-0: Swinging Strike 1-1: Ground out U3 (Groundball, 3, EV 87.5 MPH)
|
Batting: LHB Chance Stever
|
0-0: Ground out 4-3 (Groundball, 4M, EV 108.8 MPH)
|
Top of the 1st over - 0 runs, 0 hits, 0 errors, 0 left on base; Beloit 0 - Lansing 0 |
BOTTOM OF THE 1ST |
Lansing Lugnuts batting - Pitching for Beloit Snappers : RHP Brad Shafer
|
Pitching: RHP Brad Shafer
|
|
Batting: LHB Tony Vitela
|
0-0: Ball 1-0: Called Strike 1-1: Fly out, F8 (Flyball, 8LXD, EV 102.5 MPH)
|
Batting: LHB Pauli Gassinger
|
0-0: Ball 1-0: Called Strike 1-1: Ball 2-1: Swinging Strike 2-2: Foul Ball, location: 2F 2-2: Ball 3-2: Foul Ball, location: 2F 3-2: Base on Balls
|
Batting: RHB Butch Koglin
|
0-0: Ball Pauli Gassinger steals 2nd base 1-0: Called Strike 1-1: Called Strike Pauli Gassinger steals 3rd base (no throw) 1-2: Ball 2-2: Foul Ball, location: 2F 2-2: Ball 3-2: Ground out U3 (Groundball, 34, EV 85.6 MPH) Pauli Gassinger scores
|
Batting: RHB Jon Aguilar
|
0-0: Ball 1-0: Ground out 3-1 (Groundball, 34S, EV 82.5 MPH)
|
Bottom of the 1st over - 1 run, 0 hits, 0 errors, 0 left on base; Beloit 0 - Lansing 1 |
TOP OF THE 2ND |
Beloit Snappers batting - Pitching for Lansing Lugnuts : RHP Fernando Torres
|
Batting: RHB Jonathan Gallup
|
0-0: Called Strike 0-1: Ball 1-1: Foul Ball, location: 2F 1-2: Foul Ball, location: 2F 1-2: Foul Ball, location: 2F 1-2: Ball 2-2: Ground out U3 (Groundball, 34, EV 82.5 MPH)
|
Batting: SHB John Cummings
|
0-0: Ball 1-0: Swinging Strike 1-1: Foul Ball, location: 2F 1-2: Strikes out swinging
|
Batting: RHB Danny Heikkila
|
0-0: Ball 1-0: Swinging Strike 1-1: Ball 2-1: Ground out 6-3 (Groundball, 6, EV 90.0 MPH)
|
Top of the 2nd over - 0 runs, 0 hits, 0 errors, 0 left on base; Beloit 0 - Lansing 1 |
BOTTOM OF THE 2ND |
Lansing Lugnuts batting - Pitching for Beloit Snappers : RHP Brad Shafer
|
Batting: SHB Jack Andrews
|
0-0: Ball 1-0: Ball 2-0: DOUBLE (Line Drive, 89D, EV 100.6 MPH)
|
Batting: RHB Dylan Phillips
|
0-0: Called Strike Jack Andrews steals 3rd, throwing error, E2 Jack Andrews scores 0-1: Foul Ball, location: 2F 0-2: SOLO HOME RUN (Flyball, 7D, EV 95.0 MPH), Distance : 363 ft
|
Batting: LHB Sonny Flood
|
0-0: Ball 1-0: Ball 2-0: Ball 3-0: Called Strike 3-1: Foul Ball, location: 2F 3-2: Strikes out swinging
|
Batting: RHB Bryan Peterson
|
0-0: Ball 1-0: Ball 2-0: Ball 3-0: Called Strike 3-1: Ground out 6-3 (Groundball, 6M, EV 81.9 MPH)
|
Batting: RHB Elliot Manfredini
|
0-0: Called Strike 0-1: Ball 1-1: Foul Ball, location: 2F 1-2: Foul Ball, location: 2F 1-2: Foul Ball, location: 2F 1-2: Foul Ball, location: 2F 1-2: Ball 2-2: Fly out, F9 (Flyball, 89D, EV 101.2 MPH)
|
Bottom of the 2nd over - 2 runs, 2 hits, 1 error, 0 left on base; Beloit 0 - Lansing 3 |
TOP OF THE 3RD |
Beloit Snappers batting - Pitching for Lansing Lugnuts : RHP Fernando Torres
|
Batting: LHB Henry Hutson
|
0-0: Called Strike 0-1: Ball 1-1: Foul Ball, location: 2F 1-2: Foul Ball, location: 2F 1-2: Ball 2-2: Foul Ball, location: 2F 2-2: Reached on error, E5 (Groundball, 6, EV 101.9 MPH)
|
Batting: LHB Jonathan McDaniel
|
0-0: Foul Ball, location: 2F 0-1: Ball 1-1: Foul Ball, location: 2F 1-2: Ball 2-2: Ball 3-2: Ground out 4-3 (Groundball, 4, EV 101.9 MPH) Henry Hutson to third
|
Batting: RHB Manny Moron
|
0-0: Ball 1-0: Fly out, F9 (Flyball, 89M, EV 93.1 MPH)
|
Batting: RHB Dan Boylan
|
0-0: Called Strike 0-1: Ball 1-1: Ground out 5-3 (Groundball, 56S, EV 83.1 MPH)
|
Top of the 3rd over - 0 runs, 0 hits, 1 error, 1 left on base; Beloit 0 - Lansing 3 |
BOTTOM OF THE 3RD |
Lansing Lugnuts batting - Pitching for Beloit Snappers : RHP Brad Shafer
|
Batting: LHB Tony Vitela
|
0-0: Called Strike 0-1: Foul Ball, location: 2F 0-2: Ground out 4-3 (Groundball, 4, EV 85.0 MPH)
|
Batting: LHB Pauli Gassinger
|
0-0: Ball 1-0: Fly out, F8 (Flyball, 8RM, EV 91.9 MPH)
|
Batting: RHB Butch Koglin
|
0-0: Called Strike 0-1: Ball 1-1: Called Strike 1-2: Ball 2-2: Ball 3-2: Fly out, F9 (Line Drive, 9, EV 93.8 MPH)
|
Bottom of the 3rd over - 0 runs, 0 hits, 0 errors, 0 left on base; Beloit 0 - Lansing 3 |
TOP OF THE 4TH |
Beloit Snappers batting - Pitching for Lansing Lugnuts : RHP Fernando Torres
|
Batting: LHB Juan Villafana
|
0-0: Ball 1-0: Foul Ball, location: 2F 1-1: Ball 2-1: Foul Ball, location: 2F 2-2: Fly out, F8 (Line Drive, 8RM, EV 94.4 MPH)
|
Batting: LHB Chance Stever
|
0-0: Called Strike 0-1: Ball 1-1: Called Strike 1-2: Ball 2-2: Ball 3-2: Foul Ball, location: 2F 3-2: Base on Balls
|
Batting: RHB Jonathan Gallup
|
0-0: Called Strike 0-1: Ball 1-1: Foul Ball, location: 2F 1-2: Foul Ball, location: 2F 1-2: Fielders Choice at 2nd, 6-4 (Groundball, 6, EV 81.2 MPH)
|
Batting: SHB John Cummings
|
0-0: Called Strike 0-1: Foul Ball, location: 2F 0-2: Foul Ball, location: 2F 0-2: Fly out, F5 (Flyball, 6D, EV 81.9 MPH)
|
Top of the 4th over - 0 runs, 0 hits, 0 errors, 1 left on base; Beloit 0 - Lansing 3 |
BOTTOM OF THE 4TH |
Lansing Lugnuts batting - Pitching for Beloit Snappers : RHP Brad Shafer
|
Batting: RHB Jon Aguilar
|
0-0: Called Strike 0-1: Ball 1-1: Called Strike 1-2: Strikes out swinging
|
Batting: SHB Jack Andrews
|
0-0: Called Strike 0-1: Foul Ball, location: 2F 0-2: Strikes out looking
|
Batting: RHB Dylan Phillips
|
0-0: Ball 1-0: Foul Ball, location: 2F 1-1: Ball 2-1: Fly out, F9 (Flyball, 89S, EV 93.1 MPH)
|
Bottom of the 4th over - 0 runs, 0 hits, 0 errors, 0 left on base; Beloit 0 - Lansing 3 |
TOP OF THE 5TH |
Beloit Snappers batting - Pitching for Lansing Lugnuts : RHP Fernando Torres
|
Batting: RHB Danny Heikkila
|
0-0: Ball 1-0: Called Strike 1-1: Foul Ball, location: 2F 1-2: Foul Ball, location: 2F 1-2: Ball 2-2: Ball 3-2: Foul Ball, location: 2F 3-2: Fly out, F8 (Flyball, 78D, EV 105.0 MPH)
|
Batting: LHB Henry Hutson
|
0-0: Fly out, F8 (Flyball, 8LM, EV 85.0 MPH)
|
Batting: LHB Jonathan McDaniel
|
0-0: Ball 1-0: Ball 2-0: Called Strike 2-1: SINGLE (Groundball, 4MD, EV 98.8 MPH)
|
Batting: RHB Manny Moron
|
0-0: Ball 1-0: Called Strike 1-1: Fly out, F9 (Flyball, 89S, EV 96.2 MPH)
|
Top of the 5th over - 0 runs, 1 hit, 0 errors, 1 left on base; Beloit 0 - Lansing 3 |
BOTTOM OF THE 5TH |
Lansing Lugnuts batting - Pitching for Beloit Snappers : RHP Brad Shafer
|
Batting: LHB Sonny Flood
|
0-0: Called Strike 0-1: Foul Ball, location: 2F 0-2: Strikes out swinging
|
Batting: RHB Bryan Peterson
|
0-0: Called Strike 0-1: Called Strike 0-2: Ball 1-2: Strikes out swinging
|
Batting: RHB Elliot Manfredini
|
0-0: Fly out, F9 (Flyball, 9LS, EV 93.8 MPH)
|
Bottom of the 5th over - 0 runs, 0 hits, 0 errors, 0 left on base; Beloit 0 - Lansing 3 |
TOP OF THE 6TH |
Beloit Snappers batting - Pitching for Lansing Lugnuts : RHP Fernando Torres
|
Batting: RHB Dan Boylan
|
0-0: Ball 1-0: Ball 2-0: Foul Ball, location: 2F 2-1: Ground out 6-3 (Groundball, 6, EV 91.2 MPH)
|
Batting: LHB Juan Villafana
|
0-0: Ball 1-0: Ball 2-0: Ball 3-0: Called Strike 3-1: Ground out 4-3 (Groundball, 4MD, EV 97.5 MPH)
|
Batting: LHB Chance Stever
|
0-0: Ball 1-0: Called Strike 1-1: Ball 2-1: Called Strike 2-2: Strikes out swinging
|
Top of the 6th over - 0 runs, 0 hits, 0 errors, 0 left on base; Beloit 0 - Lansing 3 |
BOTTOM OF THE 6TH |
Lansing Lugnuts batting - Pitching for Beloit Snappers : RHP Brad Shafer
|
Batting: LHB Tony Vitela
|
0-0: Ball 1-0: Ball 2-0: Fly out, F5 (Popup, 56S, EV 68.1 MPH)
|
Batting: LHB Pauli Gassinger
|
0-0: Ball 1-0: Foul Ball, location: 2F 1-1: Called Strike 1-2: Ball 2-2: Foul Ball, location: 2F 2-2: Strikes out swinging
|
Batting: RHB Butch Koglin
|
0-0: Ball 1-0: Ball 2-0: Ball 3-0: Called Strike 3-1: Foul Ball, location: 2F 3-2: Foul Ball, location: 2F 3-2: DOUBLE (Line Drive, 5D, EV 100.0 MPH)
|
Batting: RHB Jon Aguilar
|
0-0: Ball 1-0: Foul Ball, location: 2F 1-1: Foul Ball, location: 2F 1-2: Ball 2-2: Strikes out looking
|
Bottom of the 6th over - 0 runs, 1 hit, 0 errors, 1 left on base; Beloit 0 - Lansing 3 |
TOP OF THE 7TH |
Beloit Snappers batting - Pitching for Lansing Lugnuts : RHP Fernando Torres
|
Batting: RHB Jonathan Gallup
|
0-0: Called Strike 0-1: Ball 1-1: Foul Ball, location: 2F 1-2: Ball 2-2: Ball 3-2: Foul Ball, location: 2F 3-2: Strikes out swinging
|
Pitching: RHP Dan Korte
|
|
Batting: SHB John Cummings
|
0-0: Hit by Pitch
|
Batting: RHB Danny Heikkila
|
0-0: Foul Ball, location: 2F 0-1: Foul Ball, location: 2F 0-2: Ball 1-2: Strikes out looking
|
Batting: LHB Henry Hutson
|
0-0: Called Strike 0-1: Called Strike 0-2: Ball 1-2: Strikes out swinging
|
Top of the 7th over - 0 runs, 0 hits, 0 errors, 1 left on base; Beloit 0 - Lansing 3 |
BOTTOM OF THE 7TH |
Lansing Lugnuts batting - Pitching for Beloit Snappers : RHP Brad Shafer
|
Pitching: RHP Dong-choon Park
|
|
Batting: SHB Jack Andrews
|
0-0: Ball 1-0: Called Strike 1-1: Ground out 4-3 (Groundball, 13, EV 90.6 MPH)
|
Batting: RHB Dylan Phillips
|
0-0: Swinging Strike 0-1: Swinging Strike 0-2: SINGLE (Line Drive, 3D, EV 95.0 MPH)
|
Batting: LHB Sonny Flood
|
0-0: Ball Dylan Phillips steals 2nd base (no throw) 1-0: Intentional Walk
|
Batting: RHB Bryan Peterson
|
0-0: Ball 1-0: Foul Ball, location: 2F 1-1: Ball 2-1: Called Strike Dylan Phillips steals 3rd, throwing error, E2 Dylan Phillips scores Sonny Flood to third 2-2: Foul Ball, location: 2F 2-2: Fly out, F8 (Line Drive, 8RM, EV 87.5 MPH) Runner from 3rd tags up, SCORES, throw by CF
|
Batting: RHB Elliot Manfredini
|
0-0: Ball 1-0: Foul Ball, location: 2F 1-1: Ball 2-1: Foul Ball, location: 2F 2-2: Fly out, F5 (Popup, 25F, EV 80.6 MPH)
|
Bottom of the 7th over - 2 runs, 1 hit, 1 error, 0 left on base; Beloit 0 - Lansing 5 |
TOP OF THE 8TH |
Beloit Snappers batting - Pitching for Lansing Lugnuts : RHP Dan Korte
|
Batting: LHB Jonathan McDaniel
|
0-0: Ball 1-0: Ball 2-0: Ground out 3-1 (Groundball, 34, EV 84.4 MPH)
|
Batting: RHB Manny Moron
|
0-0: Called Strike 0-1: Swinging Strike 0-2: Ball 1-2: Ground out 5-3 (Groundball, 5D, EV 88.8 MPH)
|
Batting: RHB Dan Boylan
|
0-0: Ball 1-0: Called Strike 1-1: Called Strike 1-2: Ball 2-2: Foul Ball, location: 2F 2-2: SINGLE (Groundball, 6MD, EV 99.4 MPH)
|
Batting: LHB Juan Villafana
|
0-0: Fly out, F5 (Popup, 5, EV 75.6 MPH)
|
Top of the 8th over - 0 runs, 1 hit, 0 errors, 1 left on base; Beloit 0 - Lansing 5 |
BOTTOM OF THE 8TH |
Lansing Lugnuts batting - Pitching for Beloit Snappers : RHP Dong-choon Park
|
Batting: LHB Tony Vitela
|
0-0: Foul Ball, location: 2F 0-1: Ball 1-1: Foul Ball, location: 2F 1-2: Foul Ball, location: 2F 1-2: Ball 2-2: Ball 3-2: Ground out 1-3 (Groundball, 34S, EV 71.2 MPH)
|
Batting: LHB Pauli Gassinger
|
0-0: Called Strike 0-1: Ball 1-1: Ground out 3-1 (Groundball, 34, EV 94.4 MPH)
|
Batting: RHB Butch Koglin
|
0-0: Foul Ball, location: 2F 0-1: Foul Ball, location: 2F 0-2: Ball 1-2: Ball 2-2: Ball 3-2: Fly out, F5 (Popup, 56S, EV 73.8 MPH)
|
Bottom of the 8th over - 0 runs, 0 hits, 0 errors, 0 left on base; Beloit 0 - Lansing 5 |
TOP OF THE 9TH |
Beloit Snappers batting - Pitching for Lansing Lugnuts : RHP Dan Korte
|
Batting: LHB Chance Stever
|
0-0: Ball 1-0: Ball 2-0: Called Strike 2-1: Ball 3-1: Foul Ball, location: 2F 3-2: Foul Ball, location: 2F 3-2: Fly out, F9 (Flyball, 9S, EV 91.9 MPH)
|
Batting: RHB Jonathan Gallup
|
0-0: Ball 1-0: Foul Ball, location: 2F 1-1: Foul Ball, location: 2F 1-2: Hit by Pitch
|
Pitching: RHP Danny Cervantes
|
|
Batting: SHB John Cummings
|
0-0: Ball 1-0: Ball 2-0: Called Strike 2-1: Foul Ball, location: 2F 2-2: Ball 3-2: Strikes out swinging
|
Batting: RHB Danny Heikkila
|
0-0: Called Strike 0-1: Foul Ball, location: 2F 0-2: Fly out, F9 (Flyball, 9, EV 86.2 MPH)
|
Top of the 9th over - 0 runs, 0 hits, 0 errors, 1 left on base; Beloit 0 - Lansing 5 |
|